AoeStats
← Draal

Oasis

510176224Analyzed
2v2 RM · 4d ago on Sep 29, 2026· 47m 25s· 4 players
Game mode
Random Map
Map size
Medium (4 player)
Population
200
Speed
Normal
Resources
Standard
Victory
Conquest
Starting age
Dark Age
Ending age
Imperial Age
RankedLock teamsTeams togetherTeam positionsShared explorationLock speedFull tech treeHidden civsTurbo modeCheats
Victory
Defeat
🇩🇪 Burgundians · Germany
1382
+13
🇩🇪 Mongols · Germany
1307
+16
🇩🇪 Danes · Germany
1315
-15
🇩🇪 Burgundians · Germany
1306
-14
Draal
6:45 Loom
9:20 Feudal Age
10:15 Double-Bit Axe
10:27 Horse Collar
10:30 Man-at-Arms
16:22 Forging
18:51 Castle Age
18:31 Scale Mail Armor
20:08 Bow Saw
24:13 Chain Mail Armor
27:56 Wheelbarrow
30:06 Iron Casting
34:41 Imperial Age
34:28 Fletching
36:58 Plate Mail Armor
37:46 Conscription
38:02 Hoardings
44:29 Elite Varangian Guard
47:48 Hand Cart
BlackLemur
6:50 Double-Bit Axe
7:34 Loom
9:47 Feudal Age
8:28 Horse Collar
10:55 Heavy Plow
11:06 Bow Saw
16:54 Wheelbarrow
20:33 Castle Age
18:43 Gold Mining
18:43 Stone Mining
20:51 Stone Shaft Mining
20:08 Gold Mining
22:54 Town Watch
24:29 Hand Cart
25:45 Scale Barding Armor
25:50 Forging
26:27 Cavalier
27:30 Chain Barding Armor
29:05 Burgundian Vineyards
33:42 Imperial Age
32:07 Cavalier
32:48 Husbandry
34:15 Crop Rotation
35:20 Hoardings
35:52 Two-Man Saw
35:56 Conscription
35:54 Padded Archer Armor
35:46 Fletching
35:49 Paladin
36:36 Padded Archer Armor
36:26 Elite Skirmisher
38:50 Plate Barding Armor
38:50 Iron Casting
37:51 Pikeman
38:32 Squires
38:16 Light Cavalry
39:41 Bodkin Arrow
40:17 Leather Archer Armor
40:05 Scale Mail Armor
40:42 Bracer
Doris
9:19 Loom
11:04 Feudal Age
10:44 Double-Bit Axe
10:41 Horse Collar
10:59 Gold Mining
16:30 Castle Age
17:58 Bow Saw
21:08 Town Watch
23:20 Heavy Plow
24:05 Wheelbarrow
29:42 Cavalier
31:58 Fletching
32:55 Husbandry
34:34 Scale Barding Armor
35:23 Forging
37:37 Chain Barding Armor
39:48 Bodkin Arrow
39:26 Light Cavalry
41:56 Ballistics
41:47 Masonry
43:46 Hand Cart
47:37 Imperial Age
46:33 Iron Casting
46:32 Crop Rotation
47:05 Two-Man Saw
Galina
10:09 Feudal Age
9:04 Loom
11:29 Double-Bit Axe
14:17 Castle Age
15:09 Double-Bit Axe
19:13 Town Watch
21:16 Horse Collar
23:02 Bow Saw
26:11 Wheelbarrow
25:36 Town Patrol
26:14 Bloodlines
26:04 Husbandry
29:29 Imperial Age
27:05 Light Cavalry
28:16 Gold Mining
28:48 Forging
28:29 Fletching
28:44 Scale Barding Armor
30:30 Gold Shaft Mining
29:58 Bodkin Arrow
30:21 Heavy Plow
30:25 Heavy Camel Rider
32:10 Chemistry
31:53 Bracer
32:15 Ballistics
32:33 Hand Cart
33:02 Chain Barding Armor
33:18 Iron Casting
33:40 Iron Casting
34:04 Padded Archer Armor
34:01 Murder Holes
38:24 Blast Furnace
38:09 Leather Archer Armor
38:18 Hussar
38:23 Elite Mangudai
39:55 Conscription
40:10 Hoardings
40:41 Stone Mining
44:06 Caravan
44:37 Coinage
Connection lost

Rejoining the realm…

Still unreachable

The connection could not be restored.

Session expired

The server has moved on; the page needs a fresh start.